 Dungeon Crawl Stone Soup version 0.26.1-2-gb8aa6d0cf2 (webtiles) character file.

Game seed: 4539235821111613064

32 Gauvater the Skirmisher (level 3, -13/33 HPs)
             Began as a Palentonga Fighter on Feb 11, 2021.
             Mangled by an ogre
             ... wielding a +0 giant spiked club
              (17 damage)
             ... on level 3 of the Dungeon.
             The game lasted 00:02:12 (1020 turns).

Gauvater the Skirmisher (Palentonga Fighter)        Turns: 1020, Time: 00:02:13

Health: -13/33     AC:  6    Str: 20    XL:     3   Next: 8%
Magic:  3/3        EV:  5    Int:  8    God:
Gold:   111        SH:  8    Dex:  9    Spells: 2/2 levels left

rFire    x . .     SeeInvis +   n - +2 mace (venom)
rCold    + . .     Faith    .   c - +0 kite shield
rNeg     . . .     Spirit   .   b - +0 scale mail
rPois    .         Reflect  .   (no helmet)
rElec    .         Harm     .   (no cloak)
rCorr    .         Rampage  .   (no gloves)
Will     .....                  (no barding)
Stlth    ..........             (no amulet)
HPRegen  0.11/turn              j - ring of ice
MPRegen  0.08/turn              (no ring)

@: brilliant
A: large, rugged brown scales 3, see invisible, deformed body, roll 1, armoured
tail
a: Rolling Charge


You were on level 3 of the Dungeon.
You visited 1 branch of the dungeon, and saw 3 of its levels.

You collected 111 gold pieces.

Inventory:

Hand Weapons
 a - a +0 war axe
 n - a +2 mace of venom (weapon)
Missiles
 l - 27 poisoned darts
Armour
 b - a +0 scale mail (worn)
 c - a +0 kite shield (worn)
Jewellery
 j - a ring of ice (left hand)
Wands
 s - a wand of paralysis (4)
Scrolls
 g - 2 scrolls of identify {unknown}
 h - a scroll of noise {unknown}
 i - a scroll of immolation {unknown}
 k - a scroll of teleportation {unknown}
 m - a scroll of fear {unknown}
 p - a scroll of amnesia {unknown}
 r - a scroll of magic mapping {unknown}
Potions
 d - a potion of might
 e - 4 potions of brilliance
 f - a potion of mutation {unknown}
 o - a potion of attraction {unknown}
 q - a potion of berserk rage {unknown}


   Skills:
 + Level 3.3 Fighting
 + Level 2.5 Axes
 + Level 2.7 Armour
 + Level 2.6 Shields


You had 2 spell levels left.
You didn't know any spells.
Your spell library was empty.

Dungeon Overview and Level Annotations

Branches:
Dungeon (3/15)

Altars:
Yredelemnul


Innate Abilities, Weirdness & Mutations

You are completely covered in rugged brown scales. (AC +3, +7% HP)
You have supernaturally acute eyesight. (SInv)
Armour fits poorly on your strangely shaped body.
You can roll at nearby foes to attack.
You have a long armoured tail.


Message History

The ogre is heavily wounded.
You hear an angry buzzing noise.
The ogre hits you with a +0 giant spiked club!
Ouch! That really hurt!
Unknown command.
You hit the ogre.
The ogre is poisoned.
The ogre is severely wounded.
A hornet comes into view.
The ogre hits you with a +0 giant spiked club!
* * * LOW HITPOINT WARNING * * *
You barely miss the ogre.
The ogre is severely wounded.
The hornet buzzes angrily.
You block the ogre's attack.
Unknown command.
It was a potion of brilliance.
You feel clever all of a sudden.
The ogre hits you with a +0 giant spiked club!
Ouch! That really hurt!
You die...

###.. ##.##
.... ...
#... #.####
#...##.##.#
#.........#
#.###y###.#
#.....#.#
#.#.#.#.#
#.#@#.#.# #
#O# #.# #.#
#.# #.# #.#
#.# #.#
#.#.#.#
#.#.#.#
#.#.#.#.#
#.#.#.#.#


You could see a hornet and an ogre (very poisoned).

Vanquished Creatures
  An adder (D:2)
  An ooze (D:1)
  A leopard gecko (D:2)
  3 giant cockroaches (D:2)
  5 goblins (D:2)
  3 bats
  A kobold (D:1)
  2 rats (D:2)
17 creatures vanquished.

Vanquished Creatures (others)
  4 withered plants (D:2)
4 creatures vanquished.

Grand Total: 21 creatures vanquished

Notes
Turn   | Place    | Note
-------+----------+-------------------------------------------
     0 | D:1      | Gauvater the Palentonga Fighter began the quest for the
                  | Orb.
     0 | D:1      | Reached XP level 1. HP: 20/20 MP: 1/1
   503 | D:2      | Reached XP level 2. HP: 25/27 MP: 2/2
   530 | D:2      | Found a basalt altar of Yredelemnul.
   713 | D:2      | Reached XP level 3. HP: 33/33 MP: 3/3
  1015 | D:3      | Noticed an ogre
  1018 | D:3      | Noticed a hornet
  1020 | D:3      | Mangled by an ogre

Illustrated notes

Levels and vault maps discovered:
D:1:      evilmike_arrival_crescent, layout_basic
D:2:      layout_rooms, yredelemnul_altar_generic
D:3:      layout_basic, vehumet_crystals, lemuel_crystal_altar,
          chequers_ecumenical_altar_simple_redux, kennysheep_flooded_box

Action                   || total
-------------------------++-------
Melee: War axe           ||    27
       Tailslap          ||     2
       Mace              ||    20
 Abil: Rolling Charge    ||    13
  Use: Potion            ||     1
Armor: Scale mail        ||    24
Dodge: Dodged            ||     8
Block: Kite shield       ||    26
